 Dungeon Crawl Stone Soup version 0.30-a0-908-g5a111fc481 (webtiles) character file.

Game seed: 13978807685347039920

2093401 Angani the Ice Dragon (level 27, 231/231 HPs)
             Began as a Pale Draconian Hedge Wizard on Mar 18, 2023.
             Was the Champion of Qazlal.
             Escaped with the Orb
             ... and 4 runes on Mar 19, 2023!
             The game lasted 03:55:52 (85038 turns).

Angani the Ice Dragon (DrHW)                       Turns: 85038, Time: 03:55:52

Health: 231/231    AC: 29    Str: 18    XL:     27
Magic:  42/42      EV: 20    Int: 39    God:    Qazlal [******]
Gold:   1571       SH: 22    Dex:  9    Spells: 9/56 levels left

rFire   + + +      SeeInvis +    g - staff of cold
rCold   + + +      Faith    .    U - +2 shield of Resistance {rF++ rC++ Will++}
rNeg    . . .      Spirit   .    (body armour unavailable)
rPois   .          Reflect  .    Q - +2 hat {Stlth+}
rElec   .          Rampage  +    j - +1 cloak of Starlight {*Dazzle EV+4 Stlth--}
rCorr   .                        D - +4 pair of gloves of Plasticity {rF+ rC+ Regen+ SInv}
Will    ++++.                    b - +2 pair of boots {rampage} Stlth
                                 y - amulet of magic regeneration
HPRegen 1.38/turn                Z - +6 ring of intelligence
MPRegen 0.68/turn                V - ring "Nirioff" {AC+4 Str+5 Int+8 Dex-5}

@: studying Evocations, repel missiles
A: breathe steam, AC +13, unfitting armour, cold-blooded, steam resistance,
talons 1, wild magic 1
0: Orb of Zot
}: 4/15 runes: barnacled, slimy, silver, gossamer
a: Breathe Steam, Renounce Religion, Upheaval, Elemental Force, Disaster Area


You escaped.
You worshipped Qazlal.
Qazlal was exalted by your worship.
You visited 11 branches of the dungeon, and saw 55 of its levels.
You visited 1 bazaar.
You also visited: Bailey, Gauntlet and Ice Cave.

You collected 8832 gold pieces.
You spent 7261 gold pieces at shops.

Inventory:

Hand Weapons
 X - the +10 dark maul {heavy}
   (You found it on level 5 of the Pits of Slime)
Missiles
 F - 7 throwing nets
Armour
 b - a +2 pair of boots of rampaging (worn)
 j - the +1 cloak of Starlight (worn) {*Dazzle EV+4 Stlth--}
   (You bought it in a shop on level 1 of the Orcish Mines)

   *Dazzle:   It may blind those who miss an attack against the wearer in melee
   combat.
   EV:        It affects your evasion (+4).
   Stlth:     It makes you much less stealthy.
 D - the +4 pair of gloves of Plasticity (worn) {rF+ rC+ Regen+ SInv}
   (You bought it in a shop in a bazaar)

   rF:        It protects you from fire.
   rC:        It protects you from cold.
   SInv:      It lets you see invisible.
   Regen:     It increases your rate of health regeneration.
 Q - a +2 hat of stealth (worn)
 U - the +2 shield of Resistance (worn) {rF++ rC++ Will++}
   (You acquired it on level 4 of the Vaults)

   rF:        It greatly protects you from fire.
   rC:        It greatly protects you from cold.
   Will:      It greatly increases your willpower.
Magical Staves
 g - a staff of cold (weapon)
 S - a staff of conjuration
Jewellery
 k - a +6 ring of strength
 y - an amulet of magic regeneration (around neck)
 V - the ring "Nirioff" (right hand) {AC+4 Str+5 Int+8 Dex-5}
   (You found it in a Gauntlet)

   [ring of protection]

   AC:        It affects your AC (+4).
   Str:       It affects your strength (+5).
   Int:       It affects your intelligence (+8).
   Dex:       It affects your dexterity (-5).
 W - a ring of protection from fire
 Z - a +6 ring of intelligence (left hand)
Wands
 r - a wand of mindburst (44)
 s - a wand of flame (37)
 E - a wand of paralysis (29)
 H - a wand of quicksilver (20)
 K - a wand of digging (48)
 L - a wand of polymorph (23)
 M - a wand of roots (31)
Scrolls
 a - 15 scrolls of teleportation
 d - 13 scrolls of immolation
 e - 5 scrolls of fear
 h - 7 scrolls of magic mapping
 m - 10 scrolls of vulnerability
 q - 6 scrolls of blinking
 w - 10 scrolls of fog
 x - 15 scrolls of amnesia
 B - 5 scrolls of torment
 R - 7 scrolls of poison
 T - 3 scrolls of enchant armour
 Y - 2 scrolls of silence
Potions
 c - 9 potions of magic
 f - 28 potions of curing
 i - 13 potions of attraction
 n - 14 potions of heal wounds
 o - 2 potions of berserk rage
 u - 4 potions of invisibility
 v - 8 potions of mutation
 z - 13 potions of haste
 A - 8 potions of flight
 C - 10 potions of ambrosia
 G - 8 potions of lignification
 I - 7 potions of brilliance
 J - 10 potions of cancellation
 O - 4 potions of resistance
 P - 14 potions of might
Miscellaneous
 l - a condenser vane
 p - a piece from Xom's chessboard (15/15)
 t - a lightning rod (4/4)
 N - a tin of tremorstones (2/2)


   Skills:
 + Level 16.1 Fighting
 - Level 12.0 Staves
 - Level 16.2 Dodging
 - Level 1.7 Stealth
 - Level 15.3 Shields
 - Level 15.0 Spellcasting
 - Level 12.0 Conjurations
 - Level 1.2 Summonings
 - Level 15.0 Translocations
 O Level 27 Ice Magic
 - Level 20.0 Air Magic
 - Level 18.4 Invocations
 - Level 10.0 Evocations


You had 9 spell levels left.
You knew the following spells:

 Your Spells              Type           Power      Damage    Failure   Level
a - Magic Dart            Conj           100%       1d8       1%          1
b - Iskenderun's Mystic   Conj/Tloc      100%       2d19      1%          4
c - Lesser Beckoning      Tloc           100%       N/A       1%          2
d - Gell's Gravitas       Tloc           100%       N/A       1%          3
e - Manifold Assault      Tloc           100%       N/A       1%          4
f - Freezing Cloud        Conj/Ice/Air   75%        6-21      1%          5
g - Dispersal             Tloc           56%        N/A       1%          6
h - Maxwell's Capacitive  Air            63%        ∞         6%          8
i - Yara's Violent Unrav  Hex/Tmut       19%        3d9       56%         5
j - Polar Vortex          Ice            84%        N/A       5%          9

Your spell library contained the following spells:

 Spells                   Type           Power      Damage    Failure   Level
 Apportation              Tloc           100%       N/A       1%          1
 Foxfire                  Conj/Fire      100%       2x1d9     1%          1
 Freeze                   Ice            100%       1d10      1%          1
 Kiss of Death            Conj/Necr      100%       2d13      1%          1
 Blink                    Tloc           100%       N/A       1%          2
 Cigotuvi's Dreadful Rot  Necr/Pois/Air  100%       N/A       1%          2
 Poisonous Vapours        Pois/Air       100%       N/A       1%          2
 Dazzling Flash           Conj/Hex       100%       N/A       1%          3
 Frozen Ramparts          Ice            100%       1d16      1%          3
 Hailstorm                Conj/Ice       100%       3d20      1%          3
 Mephitic Cloud           Conj/Pois/Air  98%        N/A       1%          3
 Portal Projectile        Hex/Tloc       100%       N/A       1%          3
 Stone Arrow              Conj/Erth      100%       3d13      1%          3
 Teleport Other           Tloc           100%       N/A       1%          3
 Vhi's Electric Charge    Tloc/Air       100%       N/A       1%          3
 Passage of Golubria      Tloc           100%       N/A       1%          4
 Summon Ice Beast         Ice/Summ       100%       N/A       1%          4
 Summon Lightning Spire   Summ/Air       98%        N/A       1%          4
 Arcjolt                  Conj/Air       58%        1d68      1%          5
 Iskenderun's Battlesphe  Conj           100%       2d15      1%          5
 Silence                  Hex/Air        48%        N/A       1%          5
 Conjure Ball Lightning   Conj/Air       58%        3x3d21    1%          6
 Simulacrum               Ice/Necr       66%        N/A       2%          6
 Beastly Appendage        Tmut           76%        N/A       3%          1
 Sandblast                Erth           76%        2d16      3%          1
 Slow                     Hex            100%       N/A       3%          1
 Sting                    Tmut/Pois      100%       1d8       3%          1
 Call Imp                 Summ           50%        N/A       3%          2
 Summon Forest            Summ/Tloc      44%        N/A       3%          5
 Passwall                 Tmut/Erth      31%        N/A       5%          2
 Sublimation of Blood     Necr           38%        N/A       5%          2
 Wereblood                Tmut           38%        N/A       5%          2
 Fireball                 Conj/Fire      39%        3d16      8%          5
 Irradiate                Conj/Tmut      39%        3d24      8%          5
 Confusing Touch          Hex            38%        N/A       10%         3
 Inner Flame              Hex/Fire       38%        N/A       10%         3
 Spider Form              Tmut/Pois      38%        N/A       10%         3
 Tukima's Dance           Hex            38%        N/A       10%         3
 Vampiric Draining        Necr           38%        2d8       10%         3
 Orb of Destruction       Conj           51%        9d13      17%         7
 Anguish                  Hex/Necr       19%        N/A       26%         4
 Animate Dead             Necr           38%        N/A       26%         4
 Cause Fear               Hex            19%        N/A       26%         4
 Dispel Undead            Necr           38%        3d16      26%         4
 Leda's Liquefaction      Hex/Erth       19%        N/A       26%         4
 Olgreb's Toxic Radiance  Pois           38%        N/A       26%         4
 Iron Shot                Conj/Erth      39%        9d8       34%         6
 Starburst                Conj/Fire      39%        6d11      34%         6
 Storm Form               Tmut/Air       48%        N/A       34%         7
 Disjunction              Tloc           56%        N/A       34%         8
 Summon Mana Viper        Hex/Summ       44%        N/A       47%         5
 Blade Hands              Tmut           19%        N/A       56%         5
 Lee's Rapid Deconstruct  Erth           19%        3d11*     56%         5
 Spellforged Servitor     Conj/Summ      40%        N/A       80%         7
 Death Channel            Necr           19%        N/A       98%         6
 Eringya's Noxious Bog    Tmut/Pois      19%        N/A       98%         6
 Statue Form              Tmut/Erth      25%        N/A       98%         6
 Dragon Form              Tmut           19%        N/A       100%        7
 Haunt                    Necr/Summ      22%        N/A       100%        7
 Monstrous Menagerie      Summ           25%        N/A       100%        7
 Summon Hydra             Summ           25%        N/A       100%        7
 Borgnjor's Revivificati  Necr           19%        N/A       100%        8
 Infestation              Necr           19%        N/A       100%        8
 Lehudib's Crystal Spear  Conj/Erth      39%        10d10     100%        8
 Necromutation            Tmut/Necr      19%        N/A       100%        8
 Death's Door             Necr           19%        N/A       100%        9
 Dragon's Call            Summ           25%        N/A       100%        9
 Fire Storm               Conj/Fire      39%        8d10      100%        9
 Animate Armour           Summ/Erth      Unusable   N/A       N/A         4

Dungeon Overview and Level Annotations

Branches:
Dungeon (15/15)            Temple (0/1) D:5            Lair (5/5) D:10
 Shoals (4/4) Lair:2       Spider (4/4) Lair:2        Slime (5/5) Lair:5
    Orc (2/2) D:9             Elf (3/3) Orc:2        Vaults (5/5) D:14
  Crypt (3/3) Vaults:2       Tomb (0/3) Crypt:3      Depths (4/4) D:15
    Zot (5/5) Depths:4     Bailey (visited)           IceCv (visited)
Gauntlet (visited)

Altars:
Ashenzari
Dithmenos
Elyvilon
Gozag
Hepliaklqana
Kikubaaqudgha
Makhleb
Qazlal
Ru
Sif Muna
Trog
Vehumet
Wu Jian
Yredelemnul
Zin
The Shining One
Jiyva
Lugonu

Shops:
Orc:1 *[[:   Orc:2 !(*[   Elf:2 :   Elf:3 (   Vaults:1 [![*   Vaults:2 [
Vaults:5 (   Depths:1 *   Depths:3 =

Portals:
Hell: Depths:1 Depths:2 Depths:3 Depths:4
Abyss: Lair:5 Depths:3 Depths:4
Pandemonium: Depths:2 Depths:3 Depths:4
Ziggurat: Depths:2

Annotations:
D:5 3 runed translucent doors, Dirian's ghost, novice MiFi
D:13 exclusion: door
Spider:4 Roxanne
Elf:2 5 runed translucent doors, exclusion: 5 doors
Depths:3 1 transporter
Zot:1 2 transporters
Zot:5 3 exclusions


Innate Abilities, Weirdness & Mutations

You can breathe blasts of scalding, opaque steam.
Your pale cyan-grey scales are hard. (AC +13)
You cannot fit into any form of body armour.
You are cold-blooded and may be slowed by cold attacks.
You are immune to the effects of steam.
You have sharp toenails.
Your spells are a little harder to cast, but a little more powerful.


Message History

The hellion gestures at you.
The sphere of damnation explodes!
The damnation engulfs you!!
Gudegridu blinks!
The winds around you start to calm down.
You float gracefully downwards.
Gudegridu gestures at you.
Gudegridu conjures a mighty blast of ice!
The great icy blast engulfs the hellion!!!
The hellion dies!
The great icy blast engulfs you!! You partially resist.
You feel protected from cold.
You are encased in ice.
The winds around you calm down. The ice encasing you melts away.
Gudegridu blinks!
There is an escape hatch in the ceiling here.
A mysterious force pulls you upwards. The hatch slams shut behind you.
Your protection from cold is fading.
You feel less protected from cold.
A demonic crawler comes into view.
The demonic crawler gives a hideous shriek!
You can't go up here!
You hit the demonic crawler. You freeze the demonic crawler!!
Your tail-slap misses the demonic crawler.
The demonic crawler is heavily wounded.
The demonic crawler is engulfed in freezing vapours.
You block the demonic crawler's attack. x3
You hit the demonic crawler but do no damage.
You freeze the demonic crawler!!
You kill the demonic crawler!
Qazlal accepts your kill.
You hear a roar!
There is a stone staircase leading up here.
HP restored.
You climb upwards.
There is a stone staircase leading down here.
You see here a +0 club.
You see here a +0 helmet.
There is an open door here.
There is a staircase leading out of the dungeon here.
You have escaped!

......).........#
#...............#
##..............#
.......>........#
................#
................#
.......##########
.......## ######
#.......#####P~§@#
...........##♣P.§#
.######.....#♣°.~#
.## #####.#P..~#
..# #.#~..P# ..#
#.'..~~# ..#
#.#P.P♣# ..#
#.#P.♣≈# ..#
#.##'###


There were no monsters in sight!

Vanquished Creatures
  the Royal Jelly (Slime:5)
  4 dread liches (Zot:5)
  2 ancient liches (Zot:5)
  Mara (Vaults:3)
  6 orbs of fire
  3 juggernauts (Depths:3)
  Bai Suzhen (Shoals:3)
  5 Killer Klowns
  Boris (Vaults:4)
  Margery (Depths:3)
  Frederick (Vaults:3)
  3 curse toes
  14 golden dragons
  Jory (Crypt:2)
  2 bone dragons (Depths:4)
  6 electric golems
  27 tentacled monstrosities
  An Ice Fiend (D:14)
  2 walking earthen tomes
  Zenata (Vaults:3)
  Mlioglotl (Shoals:3)
  27 Orb Guardians
  6 titans
  A deep elf blademaster (Elf:3)
  2 deep elf master archers (Elf:3)
  22 acid blobs
  2 liches
  2 quicksilver dragons
  15 death cobs
  2 krakens
  Kirke (Spider:4)
  An ancient champion (Crypt:3)
  4 sphinxes
  12 tengu reavers
  Donald (Spider:3)
  15 storm dragons
  5 draconian monks
  19 shadow dragons
  5 iron dragons
  9 fire giants
  12 rockslimes
  18 vault wardens
  3 emperor scorpions
  2 draconian knights
  5 deep elf sorcerers (Elf:3)
  10 draconian scorchers
  5 azure jellies
  Aizul (Vaults:3)
  A juggernaut zombie (Depths:3)
  Louise (Shoals:4)
  6 draconian annihilators
  6 frost giants
  8 ghost moths
  5 draconian stormcallers
  3 balrugs
  4 draconian shifters
  20 ironbound preservers
  A cacodemon (Depths:4)
  4 spectral caustic shrikes (Depths:1)
  23 very ugly things
  A broodmother (Spider:3)
  6 deep elf elementalists (Elf:3)
  A juggernaut skeleton (Crypt:1)
  16 stone giants
  5 ghouls (Crypt:1)
  4 reapers
  A caustic shrike skeleton (Crypt:2)
  2 spriggan defenders
  12 quicksilver oozes
  7 ironbound thunderhulks
  2 war gargoyles
  17 vampire knights
  4 deep elf demonologists
  8 green draconians
  16 white draconians
  4 deep elf annihilators (Elf:3)
  17 purple draconians
  19 black draconians
  A minotaur (Gauntlet)
  2 dire elephants
  9 spark wasps
  13 yellow draconians
  10 red draconians
  2 eidola
  7 deep elf death magi
  13 ettins
  11 jiangshi
  4 merfolk javelineers
  15 merfolk impalers
  13 yaktaur captains
  2 entropy weavers
  14 great orbs of eyes
  35 vault guards
  4 deep elf high priests (Elf:3)
  Josephine (D:11)
  3 spriggan zombies
  A fenstrider witch zombie (Crypt:3)
  A hydra (shapeshifter) (Vaults:5)
  7 fire dragons
  6 ice dragons
  4 rakshasas
  7 centaur warriors
  A caustic shrike simulacrum (IceCv)
  2 merfolk avatars (Shoals:4)
  11 ironbound frosthearts
  2 peacekeepers
  A spriggan skeleton (Crypt:2)
  4 radroaches
  3 hydras
  6 ogre magi
  6 spriggan air magi
  2 fenstrider witch skeletons
  An alligator snapping turtle (Shoals:4)
  15 dancing weapons
  3 death yaks (Lair:1)
  24 two-headed ogres
  7 boulder beetles
  2 jorogumos
  8 deep troll shamans
  4 merfolk aquamancers (Shoals:4)
  10 death scarabs
  5 tengu warriors
  13 vampire magi
  An orc high priest (Orc:1)
  2 satyrs
  7 spriggan berserkers
  A titan zombie (Crypt:3)
  3 thrashing horrors (Lair:5)
  12 deep troll earth magi
  A bennu skeleton (Crypt:1)
  4 sun demons
  6 hell knights
  2 storm dragon zombies (Crypt:3)
  A fire crab (Lair:3)
  12 deep elf knights
  6 soul eaters
  4 skysharks
  8 pharaoh ants
  A bunyip zombie (Crypt:3)
  8 iron trolls
  4 sun moths
  2 sixfirhies (Depths:2)
  28 skeletal warriors
  8 sea snakes
  4 flayed ghosts
  2 titan skeletons (Crypt:2)
  6 orb spiders
  59 deep trolls
  2 golden dragon zombies (Crypt:3)
  6 deep elf archers
  A glowing orange brain (Vaults:1)
  7 steelbarb worms
  A kraken simulacrum (Shoals:4)
  16 phantasmal warriors
  2 swamp dragons (Lair:3)
  A spectral wolf spider (Spider:4)
  2 bog bodies (Crypt:1)
  2 storm dragon skeletons
  8 lindwurms
  3 necromancers
  A golden dragon skeleton (Depths:3)
  A wolf spider zombie (Spider:4)
  14 wizards
  Pikel (D:8)
  19 ironbound convokers
  5 orc knights
  24 deep elf zephyrmancers
  4 orc sorcerers
  29 deep elf pyromancers
  18 harpies
  6 shining eyes
  31 ugly things
  An iron dragon zombie (Crypt:3)
  12 cyclopes
  2 broodmother zombies (Spider:4)
  5 oklob plants (Lair:5)
  11 fauns
  17 wolf spiders
  A stone giant zombie (Crypt:2)
  20 manticores
  A shadow dragon skeleton (Crypt:3)
  A salamander (shapeshifter) (Vaults:5)
  An elephant (shapeshifter) (Vaults:5)
  33 moths of wrath
  A fire giant zombie (Depths:3)
  A toenail golem (D:5)
  12 elephants
  Maurice (Orc:1)
  4 black mambas
  2 rust devils
  A centaur zombie (Crypt:2)
  An iron dragon skeleton (Crypt:1)
  7 merfolk sirens
  11 demonic crawlers
  26 vault sentinels
  An eye of devastation (shapeshifter) (Vaults:5)
  2 torpor snails
  5 orange demons
  9 water nymphs
  5 gargoyles
  5 smoke demons
  2 eyes of devastation (Slime:5)
  A cane toad (shapeshifter) (Depths:4)
  9 cane toads
  A spectral redback (Spider:4)
  A kobold demonologist (Depths:3)
  An unseen horror zombie (D:9)
  An unseen horror (D:12)
  49 yaktaurs
  6 freezing wraiths
  A rime drake (shapeshifter) (Depths:2)
  A tormentor (D:9)
  10 komodo dragons
  An ice devil (Depths:2)
  A redback zombie (Spider:4)
  2 golden dragon simulacra
  3 tengu conjurers
  3 rime drakes
  An alligator snapping turtle skeleton (Crypt:2)
  A minotaur skeleton (Crypt:2)
  An anaconda simulacrum (IceCv)
  A black draconian skeleton (Crypt:2)
  27 merfolk
  3 harpy zombies
  12 trolls
  7 meliai
  5 red devils
  2 polar bears
  3 spectral tarantellas (Spider:4)
  An ancient zyme (Lair:5)
  2 hydra zombies
  26 tarantellas
  5 hornets
  A dream sheep (shapeshifter) (Vaults:5)
  4 wind drakes
  A hornet (shapeshifter) (D:13)
  A hellwing (Depths:3)
  A blink frog (shapeshifter) (D:15)
  11 dream sheep
  4 jumping spider zombies
  2 spectral jumping spiders (Spider:4)
  24 blink frogs
  2 fire dragon zombies (Crypt:2)
  A tarantella zombie (Spider:4)
  Prince Ribbit (Bailey)
  10 snapping turtles
  A guardian serpent skeleton (Crypt:3)
  An alligator skeleton (Crypt:2)
  35 jumping spiders
  A shadow (D:10)
  20 culicivoras
  2 flying skulls (Crypt:2)
  3 large abominations (Lair:5)
  A slime creature (shapeshifter) (Depths:3)
  13 water elementals
  A culicivora (shapeshifter) (Elf:2)
  A wyvern (shapeshifter) (Vaults:5)
  3 centaur simulacra (Gauntlet)
  6 ynoxinuls
  8 spriggans
  12 wraiths
  A dire elephant simulacrum (IceCv)
  102 slime creatures
  21 vampires
  2 air elementals
  A black mamba zombie (Crypt:2)
  3 wyverns
  11 golden eyes
  6 hogs (Spider:4)
  A human (shapeshifter) (Vaults:5)
  7 basilisks
  5 chaos spawn
  34 yaks
  6 humans
  Eustachio (D:4)
  9 vampire mosquitoes
  A fire elemental (Elf:2)
  A hog (shapeshifter) (D:14)
  27 redbacks
  2 steam dragons
  6 wargs
  An acid dragon (D:10)
  Menkaure (D:4)
  A harpy simulacrum (Gauntlet)
  Edmund (D:4)
  A skyshark zombie (Crypt:1)
  6 small abominations (Lair:5)
  A water nymph skeleton (Crypt:3)
  2 naga skeletons
  A faun skeleton (Crypt:3)
  8 hell hounds
  A hydra simulacrum (IceCv)
  2 floating eyes
  A glowing shapeshifter skeleton (Crypt:1)
  13 water moccasins
  2 ettin simulacra (IceCv)
  2 black bears
  22 orc warriors
  A cane toad skeleton (Crypt:3)
  A snapping turtle zombie (Crypt:3)
  A sky beast (D:8)
  An ogre (shapeshifter) (Depths:3)
  30 ogres
  A manticore zombie (Crypt:3)
  3 wolves (Lair:4)
  5 boggarts (Vaults:2)
  5 centaurs
  2 lemures (D:8)
  2 snapping turtle skeletons (Crypt:3)
  A phantom (D:2)
  A salamander zombie (Crypt:2)
  4 kobold brigands
  23 bullfrogs
  2 scorpions
  2 earth elementals (Elf:3)
  5 necrophages
  7 wights
  4 killer bees (D:8)
  A lindwurm simulacrum (IceCv)
  5 howler monkeys
  2 electric eels (Elf:3)
  A human zombie (D:9)
  16 orc priests
  6 hounds
  2 jellies (D:5)
  A sleepcap (D:8)
  2 gnoll boudas
  Ijyb (D:5)
  6 iguanas
  25 orc wizards
  A howler monkey zombie (D:9)
  2 mummies (D:9)
  11 gnolls
  12 adders
  3 shadow imps
  A steam dragon skeleton (Crypt:2)
  2 white imps
  2 worms
  2 dart slugs
  62 orcs
  6 ball pythons
  5 bats
  A bat skeleton (Crypt:1)
  5 endoplasms
  6 giant cockroaches
  8 goblins
  7 hobgoblins
  6 jackals
  7 quokkas
  A gnoll skeleton (Crypt:1)
  A jackal skeleton (Crypt:1)
  12 kobolds
  A kobold skeleton (Crypt:3)
  A quokka skeleton (Crypt:1)
  6 rats
  A plant (D:9)
  7 tentacles
2447 creatures vanquished.

Vanquished Creatures (collateral kills)
  Nikola (Depths:1)
1 creature vanquished.

Vanquished Creatures (others)
  A dread lich (Vaults:4)
  A lich (Vaults:5)
  A ghost moth (Zot:3)
  An ettin (Depths:4)
  A jorogumo (Spider:3)
  A phantasmal warrior (Vaults:3)
  2 harpies (Shoals:4)
  A manticore (D:14)
  A hellion (D:3)
  A slime creature (Slime:1)
  A water elemental (Elf:1)
  A gnoll (Orc:2)
  21 fungi
  97 plants
  8 tentacles
  23 withered plants (Gauntlet)
162 creatures vanquished.

Grand Total: 2610 creatures vanquished

Notes
Turn   | Place    | Note
-------+----------+-------------------------------------------
     0 | D:1      | Angani the Draconian Hedge Wizard began the quest for the
                  | Orb.
     0 | D:1      | Reached XP level 1. HP: 14/14 MP: 4/4
   200 | D:1      | Reached XP level 2. HP: 20/20 MP: 0/6
   718 | D:1      | Reached XP level 3. HP: 26/26 MP: 2/7
   930 | D:1      | Found a faded altar of an unknown god.
   944 | D:1      | Prayed at the altar of an unknown god.
   944 | D:1      | Became a worshipper of Qazlal Stormbringer
   944 | D:1      | Reached * piety under Qazlal
  1706 | D:2      | Reached XP level 4. HP: 33/33 MP: 1/9
  2111 | D:3      | Noticed a phantom
  2183 | D:2      | Killed a phantom
  2184 | D:2      | Reached XP level 5. HP: 33/38 MP: 4/11
  2424 | D:3      | Learned a level 4 spell: Iskenderun's Mystic Blast
  2972 | D:3      | Reached XP level 6. HP: 41/45 MP: 12/12
  3128 | D:3      | Reached ** piety under Qazlal
  3187 | D:3      | Identified the +7 ring mail of Tempters {Dex+2}
  3555 | D:4      | Noticed Edmund
  3921 | D:4      | Noticed Menkaure
  3925 | D:4      | Killed Menkaure
  3944 | D:4      | Found a stormy altar of Qazlal.
  3985 | D:4      | Killed Edmund
  3986 | D:4      | Reached skill level 5 in Spellcasting
  3986 | D:4      | Your scales start taking on a pale cyan-grey colour.
  3986 | D:4      | Reached XP level 7. HP: 33/50 MP: 6/14
  3986 | D:4      | Gained mutation: You are immune to the effects of steam.
                  | [Pale Draconian growth]
  4176 | D:4      | Noticed Eustachio
  4300 | D:4      | Killed Eustachio
  4665 | D:5      | Entered Level 5 of the Dungeon
  4674 | D:5      | Reached skill level 5 in Conjurations
  4674 | D:5      | Reached skill level 5 in Translocations
  4934 | D:5      | Reached XP level 8. HP: 45/57 MP: 13/16
  5439 | D:5      | Noticed Ijyb
  5448 | D:5      | Killed Ijyb
  5587 | D:5      | Found a runed translucent gate.
  5587 | D:5      | Found a runed translucent gate.
  5588 | D:5      | Found a runed translucent gate.
  5603 | D:5      | Noticed Dirian's ghost (novice MiFi)
  5677 | D:5      | Found a staircase to the Ecumenical Temple.
  6233 | D:6      | Reached *** piety under Qazlal
  6725 | D:6      | Reached XP level 9. HP: 54/62 MP: 4/19
  6930 | D:6      | Identified the +0 robe "Pinoniab" {Regen+}
  7451 | D:7      | Found a glowing golden altar of the Shining One.
  7451 | D:7      | Found a white marble altar of Elyvilon.
  7452 | D:7      | Found a glowing silver altar of Zin.
  7954 | D:7      | Found a broken altar of Ashenzari.
  8019 | D:7      | Found a burning altar of Makhleb.
  8126 | D:7      | Found a sacrificial altar of Ru.
  8256 | D:8      | Reached **** piety under Qazlal
  8318 | D:8      | Found a flagged portal.
  8333 | Bailey   | Entered a bailey
  8467 | Bailey   | Reached skill level 1 in Invocations
  8467 | Bailey   | Reached skill level 1 in Evocations
  8584 | Bailey   | Reached XP level 10. HP: 62/69 MP: 10/22
  8723 | Bailey   | Noticed a vault guard
  8723 | Bailey   | Noticed Prince Ribbit
  8725 | Bailey   | Killed Prince Ribbit
  8761 | Bailey   | Killed a vault guard
  8893 | Bailey   | Noticed a vault guard
  8904 | Bailey   | Reached skill level 5 in Invocations
  8904 | Bailey   | Reached skill level 5 in Evocations
  8905 | Bailey   | Killed a vault guard
  8961 | D:8      | Noticed a two-headed ogre
  8973 | D:8      | Killed a two-headed ogre
  9265 | D:8      | Noticed Pikel
  9284 | D:8      | Killed Pikel
  9285 | D:8      | Reached XP level 11. HP: 74/74 MP: 8/23
  9704 | D:9      | Reached ***** piety under Qazlal
  9724 | D:9      | Found a shimmering blue altar of Sif Muna.
  9740 | D:9      | Found a staircase to the Orcish Mines.
 10461 | D:9      | Found a shadowy altar of Dithmenos.
 10461 | D:9      | Found a radiant altar of Vehumet.
 10462 | D:9      | Found a hazy altar of Hepliaklqana.
 10808 | D:9      | Found an ancient bone altar of Kikubaaqudgha.
 11003 | D:10     | Entered Level 10 of the Dungeon
 11062 | D:10     | Noticed a two-headed ogre
 11068 | D:10     | Killed a two-headed ogre
 11173 | D:10     | Found an opulent altar of Gozag.
 11173 | D:10     | Found a bloodstained altar of Trog.
 11711 | D:10     | Found a staircase to the Lair.
 11997 | D:11     | Noticed a boulder beetle
 12127 | D:11     | Noticed a two-headed ogre
 12249 | D:10     | Killed a boulder beetle
 12250 | D:10     | Reached skill level 10 in Invocations
 12250 | D:10     | Reached skill level 10 in Evocations
 12250 | D:10     | Reached skill level 1 in Fighting
 12267 | D:11     | Killed a two-headed ogre
 12432 | D:11     | Noticed a two-headed ogre
 12443 | D:11     | Noticed Josephine
 12558 | D:11     | Killed Josephine
 12696 | D:10     | Reached XP level 12. HP: 38/92 MP: 5/24
 12856 | D:11     | Killed a two-headed ogre
 12975 | D:11     | Identified a scroll of acquirement
 12976 | D:11     | Acquired the +1 cloak of the Swan {rC+ Dex+2}
 13064 | D:11     | Reached skill level 5 in Fighting
 13338 | D:11     | Reached skill level 5 in Dodging
 13648 | Lair:1   | Entered Level 1 of the Lair of Beasts
 13811 | Lair:1   | Reached ****** piety under Qazlal
 14623 | Lair:1   | Reached skill level 1 in Shields
 14925 | Lair:2   | Noticed a boulder beetle
 14943 | Lair:1   | Killed a boulder beetle
 15013 | Lair:2   | Noticed a death yak
 15271 | Lair:2   | Found a staircase to the Shoals.
 15271 | Lair:2   | Noticed a death yak
 15273 | Lair:2   | Noticed a death yak
 15313 | Lair:1   | Killed a death yak
 15482 | Lair:1   | Killed a death yak
 15499 | Lair:1   | Killed a death yak
 15867 | Lair:2   | Identified the +1 war axe of the Dragonfly {flame, rC+ rN+
                  | Int-4 Dex+8}
 15991 | Lair:2   | Found a hole to the Spider Nest.
 16231 | Lair:3   | Reached XP level 13. HP: 103/108 MP: 21/25
 16519 | Lair:3   | Learned a level 2 spell: Lesser Beckoning
 16523 | Lair:3   | Learned a level 3 spell: Gell's Gravitas
 17751 | Lair:4   | Reached skill level 5 in Shields
 18650 | Lair:4   | Reached skill level 10 in Fighting
 18890 | Lair:5   | Entered Level 5 of the Lair of Beasts
 19371 | Lair:5   | Found a viscous altar of Jiyva.
 20633 | Lair:5   | Reached skill level 10 in Dodging
 20960 | Lair:5   | Reached XP level 14. HP: 69/121 MP: 8/26
 21889 | Lair:5   | Reached skill level 10 in Shields
 22048 | Lair:5   | Reached skill level 1 in Staves
 22206 | Lair:5   | Found a corrupted altar of Lugonu.
 22206 | Lair:5   | Found a one-way gate to the infinite horrors of the Abyss.
 22480 | Lair:5   | Found a staircase to the Slime Pits.
 22651 | Orc:1    | Entered Level 1 of the Orcish Mines
 22671 | Orc:1    | Paralysed by an orc sorcerer for 2 turns
 22828 | Orc:1    | Found Jilav's Antique Armour Shoppe.
 22833 | Orc:1    | Bought an embroidered scarf for 280 gold pieces
 22974 | Orc:2    | Entered Level 2 of the Orcish Mines
 22988 | Orc:2    | Paralysed by an orc sorcerer for 3 turns
 22992 | Orc:2    | Noticed Maurice
 22993 | Orc:1    | Found Pinics's Book Emporium.
 23181 | Orc:1    | Found Wabrory's Armour Boutique.
 23183 | Orc:1    | Found Xezxuschaups's General Store.
 23520 | Orc:1    | Bought the +1 cloak of Starlight {*Dazzle EV+4 Stlth--} for
                  | 396 gold pieces
 23520 | Orc:1    | Found the +1 cloak of Starlight {*Dazzle EV+4 Stlth--}
 23707 | Orc:2    | Reached skill level 5 in Staves
 23708 | Orc:2    | Paralysed by an orc sorcerer for 4 turns
 23716 | Orc:1    | Killed Maurice
 23955 | Orc:2    | Paralysed by an orc sorcerer for 3 turns
 25005 | Orc:2    | Found Bofy's Distillery.
 25008 | Orc:2    | Found Feamp's General Store.
 25010 | Orc:2    | Found Wohamy's Antique Armour Boutique.
 25019 | Orc:2    | Found Imeopum's Weapon Emporium.
 25097 | Orc:2    | Found a gateway to a bazaar.
 25146 | Orc:2    | Found a staircase to the Elven Halls.
 26077 | D:12     | Reached skill level 10 in Staves
 26261 | D:12     | Learned a level 4 spell: Manifold Assault
 26543 | D:12     | Found an ornate altar of the Wu Jian Council.
 26690 | D:12     | Reached XP level 15. HP: 74/126 MP: 22/27
 27405 | D:13     | Found a gate leading to a gauntlet.
 27415 | Gauntlet | Entered a Gauntlet
 27415 | Gauntlet | Found a transporter.
 27415 | Gauntlet | Found a transporter.
 27535 | Gauntlet | Found a transporter.
 27538 | Gauntlet | Found a transporter.
 27538 | Gauntlet | Found a transporter.
 27538 | Gauntlet | Found a transporter.
 27548 | Gauntlet | Found a transporter.
 27548 | Gauntlet | Found a transporter.
 27552 | Gauntlet | Found a transporter.
 27562 | Gauntlet | Found a transporter.
 27568 | Gauntlet | Found a transporter.
 27586 | Gauntlet | Found a transporter.
 28091 | Gauntlet | Identified the amulet "Melevvem" {Acrobat rPois rF+}
 28099 | Gauntlet | Identified the ring "Nirioff" {AC+4 Str+5 Int+8 Dex-5}
 28253 | Gauntlet | Identified the orb of Exclusion {light, rN+}
 28253 | Gauntlet | Identified the +1 long sword of Propriety {speed, rCorr}
 30558 | D:14     | Found a gate to the Vaults.
 30902 | Bazaar   | Entered a bazaar
 30902 | Bazaar   | Found Jyveri's General Store.
 30902 | Bazaar   | Found Kaergh's Magic Scroll Shoppe.
 30902 | Bazaar   | Found Hick's Armour Emporium.
 30904 | Bazaar   | Found Olasohiq's Distillery.
 30927 | Bazaar   | Bought the +4 pair of gloves of Plasticity {rF+ rC+ Regen+
                  | SInv} for 447 gold pieces
 31040 | Bazaar   | Bought a scroll of identify for 32 gold pieces
 31045 | Bazaar   | Bought a potion of might for 52 gold pieces
 31045 | Bazaar   | Bought a potion of heal wounds for 65 gold pieces
 31045 | Bazaar   | Bought a potion of heal wounds for 65 gold pieces
 31045 | Bazaar   | Bought a potion of resistance for 130 gold pieces
 31045 | Bazaar   | Bought a potion of mutation for 104 gold pieces
 31050 | Bazaar   | Bought a scroll of magic mapping for 120 gold pieces
 31050 | Bazaar   | Bought a scroll of fear for 64 gold pieces
 31050 | Bazaar   | Bought a scroll of fear for 64 gold pieces
 31053 | Bazaar   | Bought a potion of curing for 39 gold pieces
 31123 | D:9      | Learned a level 5 spell: Freezing Cloud
 31240 | Spider:1 | Entered Level 1 of the Spider Nest
 33143 | Spider:1 | Reached XP level 16. HP: 98/134 MP: 7/29
 33310 | Spider:2 | Reached skill level 10 in Conjurations
 33310 | Spider:2 | Reached skill level 10 in Translocations
 33348 | Spider:1 | Reached skill level 10 in Spellcasting
 33469 | Spider:2 | Reached skill level 1 in Ice Magic
 33469 | Spider:2 | Reached skill level 1 in Air Magic
 33823 | Spider:2 | Reached skill level 2 in Ice Magic
 34100 | Spider:2 | Reached skill level 3 in Ice Magic
 34748 | Spider:3 | Found a frozen archway.
 34856 | IceCv    | Entered an ice cave
 34866 | IceCv    | Reached skill level 4 in Ice Magic
 34990 | IceCv    | Found a transporter.
 35013 | IceCv    | Found a transporter.
 35089 | Spider:3 | Reached skill level 5 in Air Magic
 35309 | Spider:3 | Noticed Donald
 35318 | Spider:3 | Reached skill level 5 in Ice Magic
 35318 | Spider:3 | Killed Donald
 35471 | Spider:3 | Identified the +0 plate armour "Ydueless" {rElec Dex+4
                  | SInv}
 35740 | Spider:3 | Reached skill level 6 in Ice Magic
 35900 | Spider:3 | Learned a level 6 spell: Dispersal
 36304 | Spider:4 | Entered Level 4 of the Spider Nest
 36917 | Spider:3 | Reached skill level 7 in Ice Magic
 37322 | Spider:4 | Identified the +10 rapier of Visoyxymp {venom, Int+4 Dex+4}
 37742 | Spider:4 | Noticed Roxanne
 37920 | Spider:4 | Reached skill level 8 in Ice Magic
 38260 | Spider:4 | Reached XP level 17. HP: 140/140 MP: 18/31
 38871 | Spider:4 | Noticed Kirke
 39039 | Spider:4 | Reached skill level 9 in Ice Magic
 39201 | Spider:4 | Killed Kirke
 39202 | Spider:4 | Reached skill level 10 in Air Magic
 39609 | Spider:4 | Got a gossamer rune of Zot
 39829 | Shoals:1 | Entered Level 1 of the Shoals
 39841 | Shoals:1 | Reached skill level 10 in Ice Magic
 40020 | Shoals:1 | Identified the +7 quarterstaff "Ahucesef" {distort, rElec
                  | rCorr Str-5 Int+2}
 40027 | Shoals:1 | Identified the ring of Salvation {EV+5 Str+4 Int-4 Dex+2}
 40800 | Shoals:2 | Noticed a kraken
 40943 | Shoals:2 | Killed a kraken
 42006 | Shoals:2 | Identified the +8 short sword "Jahaf" {heavy, rPois rF+
                  | Int+2}
 43075 | Shoals:3 | Noticed Mlioglotl
 43076 | Shoals:3 | Noticed Bai Suzhen
 43268 | Shoals:3 | Killed Mlioglotl
 43491 | Shoals:3 | Killed Bai Suzhen
 43520 | Shoals:3 | Noticed a kraken
 43533 | Shoals:3 | Killed a kraken
 43534 | Shoals:3 | Reached XP level 18. HP: 117/147 MP: 4/32
 43900 | Shoals:4 | Entered Level 4 of the Shoals
 43900 | Shoals:4 | Found Ituobb's Vocational Training.
 44036 | Shoals:4 | Noticed Louise
 44240 | Shoals:4 | Killed Louise
 44495 | Shoals:4 | Reached skill level 15 in Translocations
 44732 | Shoals:4 | Got a barnacled rune of Zot
 45454 | Shoals:4 | Found the +6 arbalest "Damnation" {damnation}
 45456 | Shoals:4 | Identified the +6 rapier "Seasur" {heavy, rElec rCorr
                  | Int+3}
 45826 | Vaults:1 | Entered Level 1 of the Vaults
 46440 | Vaults:1 | Found Pearudir's General Store.
 46544 | Vaults:1 | Found Uggel's Antique Armour Shoppe.
 46552 | Vaults:1 | Bought a pair of embroidered boots for 195 gold pieces
 46624 | Vaults:1 | Found Jogoof's Distillery.
 46989 | Vaults:1 | Found Filuyt's Antique Armour Boutique.
 46994 | Vaults:1 | Bought a pair of faintly humming boots for 218 gold pieces
 46994 | Vaults:1 | Identified the +0 pair of boots of Sophism {-Tele Harm
                  | Will+++ Str+5} (You bought it in a shop on level 1 of the
                  | Vaults)
 46994 | Vaults:1 | Bought a twisted scarf for 230 gold pieces
 46994 | Vaults:1 | Identified the scarf of Wuzutim {harm, Stlth+} (You bought
                  | it in a shop on level 1 of the Vaults)
 47580 | Vaults:2 | Reached XP level 19. HP: 154/154 MP: 9/33
 47616 | Vaults:2 | Reached skill level 15 in Shields
 48067 | Vaults:2 | Found a staircase to the Crypt.
 48067 | Vaults:2 | Found a basalt altar of Yredelemnul.
 48068 | Vaults:2 | Found an ancient bone altar of Kikubaaqudgha.
 48706 | Vaults:2 | Got Varitofa's Monograph on Correspondence
 48867 | Vaults:2 | Found Dowesom's Antique Armour Boutique.
 49093 | Vaults:3 | Noticed Frederick
 49182 | Vaults:3 | Killed Frederick
 49285 | Vaults:3 | Noticed Mara
 49292 | Vaults:3 | Noticed Angani's illusion
 49303 | Vaults:3 | Killed Mara
 49330 | Vaults:3 | Reached skill level 11 in Ice Magic
 49566 | Vaults:3 | Noticed Aizul
 49592 | Vaults:3 | Killed Aizul
 49602 | Vaults:3 | Noticed Zenata
 49738 | Vaults:3 | Killed Zenata
 50648 | Vaults:3 | Reached skill level 12 in Ice Magic
 50648 | Vaults:3 | Reached XP level 20. HP: 124/161 MP: 25/34
 51148 | Vaults:4 | Noticed Boris
 51181 | Vaults:4 | Killed Boris
 51412 | Vaults:4 | Noticed a dread lich
 51470 | Vaults:4 | Killed a dread lich
 51622 | Vaults:4 | Learned a level 8 spell: Maxwell's Capacitive Coupling
 51640 | Vaults:4 | Paralysed by a great orb of eyes for 2 turns
 52740 | Vaults:4 | Acquired the +2 shield of Resistance {rF++ rC++ Will++}
 52740 | Vaults:4 | Found the +2 shield of Resistance {rF++ rC++ Will++}
 53618 | Elf:1    | Entered Level 1 of the Elven Halls
 54380 | Elf:1    | Got the Secrets of Changed Locality
 54387 | Elf:1    | Learned a level 5 spell: Yara's Violent Unravelling
 54892 | Elf:2    | Found Nutagroa's Tremendous Tomes.
 54995 | Elf:2    | Got Sif Muna's Codex of Mutable Damage
 55260 | Elf:2    | Found a huge runed translucent gate.
 55260 | Elf:2    | Found a huge runed translucent gate.
 55260 | Elf:2    | Found a huge runed translucent gate.
 55261 | Elf:2    | Found a huge runed translucent gate.
 55264 | Elf:2    | Found a huge runed translucent gate.
 55494 | Elf:3    | Entered Level 3 of the Elven Halls
 55626 | Elf:3    | Found Fofy's Antique Weapon Shop.
 55703 | Elf:3    | Reached skill level 15 in Air Magic
 56569 | Elf:3    | Identified the +5 morningstar of Qazlal's Esteem {holy, rC+
                  | Dex+3}
 56866 | Elf:3    | Identified the +5 spear "Cuamoin" {drain, *Rage rElec rPois
                  | rC++}
 56872 | Elf:3    | Identified the +10 lajatang of the Vaults {drain, *Corrode
                  | rC+++ Dex+4}
 56960 | Elf:3    | Reached XP level 21. HP: 139/162 MP: 37/37
 57023 | Elf:3    | Identified the +6 spear "Echiriuw" {freeze, Fly rN+}
 57060 | Elf:3    | Found the +6 lightning scales {swift, rElec}
 57130 | Elf:3    | Identified the +3 dagger of Plague {flame, rElec Int+4
                  | Dex+4}
 57699 | Crypt:1  | Entered Level 1 of the Crypt
 60365 | Crypt:1  | Found an ancient bone altar of Kikubaaqudgha.
 60385 | Crypt:3  | Entered Level 3 of the Crypt
 60628 | Crypt:3  | Identified the +3 scale mail of Disguise {Int+4}
 60764 | Crypt:3  | Found a staircase to the Tomb.
 61670 | Crypt:3  | Noticed Jory
 61814 | Crypt:2  | Killed Jory
 62098 | Crypt:3  | Identified the +3 sling of Ypoer {flame, rElec Str+3}
 62148 | Crypt:3  | Reached XP level 22. HP: 174/174 MP: 34/39
 62612 | D:15     | Entered Level 15 of the Dungeon
 62774 | D:15     | Found a runed translucent door.
 62812 | D:15     | Identified the +0 leather armour of the Quahog {-Tele Int+2
                  | Dex+5 Slay+2}
 62813 | D:15     | Identified the +5 whip of Certain Death {speed, rPois
                  | Stlth+}
 63162 | D:15     | Learned a level 9 spell: Polar Vortex
 63199 | D:15     | Found a staircase to the Depths.
 63258 | D:15     | Found a burning altar of Makhleb.
 63419 | Depths:1 | Entered Level 1 of the Depths
 63628 | Depths:1 | Reached skill level 15 in Spellcasting
 63704 | Depths:1 | Noticed Nikola
 63716 | Depths:1 | Killed Nikola
 63801 | Depths:1 | Found a gateway to Hell.
 63917 | Depths:1 | Reached skill level 13 in Ice Magic
 64093 | Depths:1 | Found Gollabyp's Gadget Gallery.
 64102 | Depths:1 | Bought a condenser vane for 680 gold pieces
 64498 | Depths:2 | Paralysed by a jorogumo for 2 turns
 64817 | Depths:2 | Noticed a golden dragon
 64878 | Depths:1 | Killed a golden dragon
 64879 | Depths:1 | Reached skill level 14 in Ice Magic
 65140 | Depths:2 | Found a one-way gateway to a ziggurat.
 65272 | Depths:2 | Reached skill level 15 in Ice Magic
 65356 | Depths:2 | Got the Dissertation on Inflammable Ensorcelling
 65367 | Depths:2 | Identified the +4 whip of Icol {heavy, rC+ Str+3 SInv}
 65861 | Depths:2 | Found a one-way gate leading to the halls of Pandemonium.
 66133 | Depths:2 | Reached skill level 16 in Ice Magic
 66303 | Depths:3 | Found Owoaf's Jewellery Emporium.
 66372 | Depths:3 | Found a transporter.
 66378 | Depths:3 | Found a transporter.
 66524 | Depths:3 | You fall into a shaft and drop 1 floor!
 66524 | Depths:4 | Entered Level 4 of the Depths
 66688 | Depths:3 | Reached XP level 23. HP: 178/180 MP: 40/42
 66845 | Depths:2 | Reached skill level 17 in Ice Magic
 67103 | Depths:3 | Found a transporter.
 67108 | Depths:3 | Found a transporter.
 67126 | Depths:3 | Found a transporter.
 67153 | Depths:3 | Found a transporter.
 67835 | Depths:3 | Reached skill level 18 in Ice Magic
 67998 | Depths:3 | Noticed a juggernaut
 68004 | Depths:3 | Killed a juggernaut
 68055 | Depths:3 | Identified the +6 kite shield of Kimogh {rF+ MP+9 Int-2}
 68109 | Depths:3 | Noticed a juggernaut
 68114 | Depths:3 | Killed a juggernaut
 68124 | Depths:3 | Identified the +9 rapier "Spiderbane" {drain, Int+3 Dex+2}
 68129 | Depths:3 | Got Makahyt's Guide on the Quake and Bewitchment
 68251 | Depths:4 | Noticed Margery
 68253 | Depths:4 | Noticed a juggernaut
 68348 | Depths:4 | Reached skill level 19 in Ice Magic
 68456 | Depths:3 | Killed a juggernaut
 68637 | Depths:3 | Killed Margery
 68848 | Depths:4 | Gained mutation: Your muscles are strong. (Str +4, Int/Dex
                  | -1) [a cacodemon]
 69069 | Depths:4 | Reached skill level 20 in Ice Magic
 69932 | Depths:4 | Found a gate to the Realm of Zot.
 70898 | Slime:1  | Entered Level 1 of the Pits of Slime
 71342 | Slime:2  | Reached XP level 24. HP: 189/189 MP: 24/42
 71348 | Slime:2  | Reached skill level 21 in Ice Magic
 71355 | Slime:2  | Gained mutation: You possess an exceptional clarity of
                  | mind. [a shining eye]
 71357 | Slime:2  | Gained mutation: You are vulnerable to cold. (rC-) [a
                  | shining eye]
 71413 | Slime:2  | Gained mutation: You occasionally lose the ability to read
                  | scrolls when taking damage. [a shining eye]
 72871 | Slime:5  | Entered Level 5 of the Pits of Slime
 72873 | Slime:5  | Lost mutation: Your muscles are strong. (Str +4, Int/Dex
                  | -1) [a shining eye]
 72875 | Slime:5  | Lost mutation: You possess an exceptional clarity of mind.
                  | [a shining eye]
 72963 | Slime:5  | Reached skill level 22 in Ice Magic
 72977 | Slime:5  | Noticed the Royal Jelly
 73272 | Slime:5  | Killed the Royal Jelly
 73351 | Slime:5  | Found the +10 dark maul {heavy}
 73408 | Slime:5  | Got a slimy rune of Zot
 73438 | Slime:5  | Identified the +1 quarterstaff "Niac" {protect, *Slow
                  | Will+++ Int+7}
 73452 | Slime:5  | Identified the +1 pair of gloves of Qealiyg {Will+ Regen+}
 73909 | Vaults:5 | Entered Level 5 of the Vaults
 73915 | Vaults:5 | Reached skill level 23 in Ice Magic
 74068 | Vaults:5 | Identified the +1 falchion of Attainder {flame, rElec
                  | rCorr}
 74243 | Vaults:5 | Reached skill level 24 in Ice Magic
 74314 | Vaults:5 | Identified the amulet of the Failed Coup {Spirit rF+ Int+4
                  | Dex+2}
 74484 | Vaults:5 | Reached XP level 25. HP: 181/186 MP: 31/42
 74756 | Vaults:5 | Reached skill level 25 in Ice Magic
 74898 | Vaults:5 | Identified the +1 glaive of Xiafung {freeze, rElec rC-
                  | Int+8 Dex-3}
 75183 | Vaults:5 | Identified the +5 morningstar of Quokeew {heavy, Int+5}
 75200 | Vaults:5 | Got a silver rune of Zot
 75208 | Vaults:5 | Identified the +5 great sword "Viyjetwo" {venom, Str+4}
 75214 | Vaults:5 | Got the Thoughts on the Flinty Grave
 75440 | Vaults:5 | Found Urche's Weapon Shoppe.
 75997 | Zot:1    | Entered Level 1 of the Realm of Zot
 76435 | Zot:1    | Reached skill level 26 in Ice Magic
 76861 | Zot:1    | Found a transporter.
 77219 | Zot:1    | Found a transporter.
 77322 | Zot:2    | Noticed an orb of fire
 77327 | Zot:2    | Gained mutation: Your skin changes colour to match your
                  | surroundings (Stealth+). [an orb of fire]
 77328 | Zot:2    | Killed an orb of fire
 77799 | Zot:2    | Reached skill level 27 in Ice Magic
 77803 | Zot:2    | Noticed a Killer Klown
 77808 | Zot:2    | Noticed a Killer Klown
 77809 | Zot:2    | Killed a Killer Klown
 78247 | Shoals:4 | Bought a manual of Evocations for 1520 gold pieces
 78247 | Shoals:4 | Bought a manual of Invocations for 1520 gold pieces
 78439 | Orc:1    | Bought a manual of Dodging for 1040 gold pieces
 78780 | Zot:2    | Killed a Killer Klown
 79717 | Zot:3    | Noticed an orb of fire
 80032 | Zot:3    | Gained mutation: You sometimes lose the ability to read
                  | scrolls when taking damage. [an orb of fire]
 80037 | Zot:3    | Killed an orb of fire
 80038 | Zot:3    | Reached skill level 15 in Invocations
 80038 | Zot:3    | Reached XP level 26. HP: 151/202 MP: 26/42
 80287 | Zot:3    | Noticed an orb of fire
 80297 | Zot:3    | Killed an orb of fire
 80398 | Zot:3    | Identified the +7 chain mail of Vanity {rCorr MP+9 Str-3
                  | Int+5}
 81771 | Zot:4    | Lost mutation: Your skin changes colour to match your
                  | surroundings (Stealth+). [potion of mutation]
 81771 | Zot:4    | Lost mutation: You are vulnerable to cold. (rC-) [potion of
                  | mutation]
 81771 | Zot:4    | Gained mutation: You expend magic power (3 MP) to
                  | strengthen your wands. [potion of mutation]
 81771 | Zot:4    | Gained mutation: You have hidden genetic potential. [potion
                  | of mutation]
 81772 | Zot:4    | Lost mutation: You have hidden genetic potential. [potion
                  | of mutation]
 81772 | Zot:4    | Lost mutation: You sometimes lose the ability to read
                  | scrolls when taking damage. [potion of mutation]
 81772 | Zot:4    | Lost mutation: You expend magic power (3 MP) to strengthen
                  | your wands. [potion of mutation]
 81772 | Zot:4    | Gained mutation: You have supernaturally acute eyesight.
                  | (SInv) [potion of mutation]
 81772 | Zot:4    | Gained mutation: You have sharp fingernails. [potion of
                  | mutation]
 81772 | Zot:4    | Gained mutation: Your spells are a little harder to cast,
                  | but a little more powerful. [potion of mutation]
 81773 | Zot:4    | Lost mutation: You have sharp fingernails. [potion of
                  | mutation]
 81773 | Zot:4    | Lost mutation: You occasionally lose the ability to read
                  | scrolls when taking damage. [potion of mutation]
 81773 | Zot:4    | Lost mutation: You have supernaturally acute eyesight.
                  | (SInv) [potion of mutation]
 81773 | Zot:4    | Gained mutation: You have sharp toenails. [potion of
                  | mutation]
 81773 | Zot:4    | Gained mutation: Your mind is acute. (Int +4, Str/Dex -1)
                  | [potion of mutation]
 81773 | Zot:4    | Lost mutation: Your mind is acute. (Int +4, Str/Dex -1)
                  | [potion of mutation]
 82153 | Zot:5    | Entered Level 5 of the Realm of Zot
 83126 | Zot:5    | Noticed a dread lich
 83131 | Zot:5    | Killed a dread lich
 83165 | Zot:5    | Noticed an orb of fire
 83166 | Zot:5    | Reached skill level 15 in Dodging
 83169 | Zot:5    | Killed an orb of fire
 83371 | Zot:5    | Noticed a dread lich
 83385 | Zot:5    | Killed a dread lich
 83413 | Zot:5    | Noticed an orb of fire
 83417 | Zot:5    | Killed an orb of fire
 83502 | Zot:5    | Noticed a dread lich
 83637 | Zot:5    | Noticed an orb of fire
 83647 | Zot:5    | Killed an orb of fire
 83761 | Zot:5    | Killed a dread lich
 83865 | Zot:5    | Reached XP level 27. HP: 215/215 MP: 35/42
 83963 | Zot:5    | Noticed a dread lich
 83971 | Zot:5    | Killed a dread lich
 84130 | Zot:5    | Noticed an ancient lich
 84229 | Zot:5    | Killed an ancient lich
 84230 | Zot:5    | Reached skill level 15 in Fighting
 84231 | Zot:5    | Noticed an ancient lich
 84235 | Zot:5    | Killed an ancient lich
 84315 | Zot:5    | Got the Orb of Zot
 84693 | D:12     | Noticed Hasongauf the pandemonium lord
 84943 | D:3      | Noticed Gudegridu the pandemonium lord
 85038 | D:$      | Escaped with the Orb!

Illustrated notes

Levels and vault maps discovered:
D:1:      tarquinn_simple_flora_water_f, layout_rooms,
          dreamdust_ecumenical_altar_grove, minmay_small_reverse_x
D:2:      layout_loops_ring
D:3:      layout_basic
D:4:      layout_basic, lemuel_tele_altar, uniq_menkaure, uniq_eustachio,
          uniq_edmund
D:5:      layout_loops_corners, minmay_temple_entry_gardened_gates,
          gammafunk_ghost_necromancy, uniq_ijyb
D:6:      layout_loops_cross, serial_glass, glass_columns_b, glass_columns_a
D:7:      layout_gridville, good_gods_temple_1, cheibrodos_ashenzari_chains,
          nicolae_ru_the_path_less_chosen, old_standard_altar,
          kennysheep_cross_room, minmay_crystal_room
D:8:      layout_rooms, enter_bailey_5, corexii_leaking_fountain,
          minmay_orc_keep, uniq_pikel
D:9:      wad_woods_pond, layout_irregular_city,
          lemuel_mausoleum_altar_kikubaaqudgha, lemuel_crystal_altar,
          gammafunk_temple_overflow_claw, minmay_orc_entry_guard_dogs
D:10:     layout_roguey, gammafunk_temple_overflow_pools, lair_entry_dummy
D:11:     layout_big_octagon, serial_park, serial_park_square3
          [serial_park_minivault_5x5_5], serial_park_tiny_pond,
          serial_park_tiny_pond, serial_park_gazebo
          [serial_park_minivault_5x5_5], serial_park_square1
          [serial_park_minivault_5x5_4], uniq_josephine
D:12:     layout_grid_maze, nicolae_wu_jian_wuxing_cycle
D:13:     layout_roguey, gauntlet_entry_generic
D:14:     layout_rooms, david_vaults_5, elves_outpost_lemuel
D:15:     hangedman_depths_entry_try_elsewhere_first, layout_basic,
          minmay_stone_trees_small, minmay_st_funbox, bloody_makhleb
Lair:1:   layout_big_grid, st_stairs_9, grunt_megastairs_3
Lair:2:   layout_hall_layers, minmay_shoals_entry_centaurs, spider_nest_entry_a,
          nicolae_lair_grove_arrangements
Lair:3:   layout_layer_cave, pond
Lair:4:   layout_regular_city, minivault_23, chequers_serial_rivers_small_b,
          grunt_forest_stairs_clearing
Lair:5:   hellmonk_lair_end_abyssal_woods, layout_cave_pods,
          minmay_slime_entry_oklob_open, grunt_megastairs_5,
          infiniplex_staircase_pool_2
Shoals:1: layout_shoals
Shoals:2: layout_shoals, nicolae_shoals_pincushion_passage
Shoals:3: layout_shoals, uniq_mlioglotl, uniq_bai_suzhen
Shoals:4: shoals_end_grunt_ice, layout_shoals, nicolae_shop_vocational,
          uniq_louise
Spider:1: layout_chambers
Spider:2: layout_spider_delve
Spider:3: nicolae_spider_mines_1, portal_ice_cave_entry_frozen_things,
          nicolae_spider_some_kinda_spiderbox, nicolae_spider_cling_halls,
          uniq_donald
Spider:4: floodkiller_spider_rune_tomb, nicolae_spider_checkerboard,
          uniq_roxanne, uniq_kirke
Slime:1:  layout_caves
Slime:2:  layout_caves
Slime:3:  layout_caves
Slime:4:  layout_caves
Slime:5
Orc:1:    layout_diamond_mine, basic_altar, serial_shops, shop_fountains, shop,
          nicolae_shop_stone, shop, minmay_orc_temple_a
Orc:2:    st_orc_open, layout_caves, serial_shops, bzr_entry_islet, uniq_maurice
Elf:1:    layout_geoelf_octagon, hangedman_elven_crosses_minicolossus
Elf:2:    elven_hall_of_blades_hangedman_alternative
          [nicolae_blade_entry_hurt_lockers], layout_gridlike,
          nicolae_shop_i_like_big_books
Elf:3:    minmay_elf_hall_dome, layout_geoelf_castle, serial_shops, shop
Vaults:1: ontoclasm_vaults_eye, st_cells, nicolae_vaults_theta,
          vaults_room_fours, v_misc_15, nicolae_vaults_stairing_the_circle,
          v_misc_30, v_misc_25, layout_vaults_maze_snakey, serial_shops,
          shop_statue, nicolae_shop_hallway_stairs, shop, shop_fountains
Vaults:2: minmay_crypt_entry_necro_gods, st_eye, ontoclasm_vaults_chip,
          vaults_mumra_hex, hangedman_vaults_corner_blocks, vaults_room_fours,
          vaults_dpeg_encased_lava, hangedman_vaults_capsules,
          nicolae_vaults_diagonal_hallway_9, vaults_room_pools,
          layout_vaults_big_room, serial_shops, nicolae_square_shop
Vaults:3: vaults_dpeg_ring, nicolae_vaults_little_squares_4,
          grunt_vaults_hallway_long, v_misc_17, v_misc_17, vaults_mumra_lcd,
          vaults_room_grid, st_check, v_misc_4, ontoclasm_vaults_loading_screen,
          layout_vaults_omnicross, uniq_frederick, uniq_mara, uniq_aizul,
          uniq_zenata
Vaults:4: nicolae_vaults_network_square, ontoclasm_vaults_pinch,
          ontoclasm_vaults_ring_square, ontoclasm_vaults_echo, v_alt_pattern_2,
          v_rooms_4, vaults_mumra_chevron, nicolae_vaults_little_squares_6,
          nicolae_vaults_angled_halls, vaults_room_grunt_arrival_ludios,
          layout_vaults_omnigrid, uniq_boris
Vaults:5: serial_shops
Crypt:1:  layout_chaotic_city, grunt_crypt_arrival_split,
          roderic_lattice_octagonal_star, lemuel_upstairs_altar
Crypt:2:  layout_chaotic_city, grunt_ministairs_2, minicrypt_bobbens,
          grunt_megastairs_2
Crypt:3:  due_elkab, layout_chaotic_city
Depths:1: layout_twisted_cross, dk_noncrumbling_2, pf_hell_entry_tar_river,
          nicolae_shop_gadgets, uniq_nikola
Depths:2: hangedman_arch_fort, layout_gridlike, enter_ziggurat_c, hell_entry,
          grunt_pan_entry_sceptre, serial_rivers,
          chequers_serial_rivers_micro_c, chequers_serial_rivers_large_b,
          chequers_serial_rivers_small_a, chequers_serial_rivers_room_b,
          chequers_serial_rivers_micro_e, uniq_josephina
Depths:3: kennysheep_large_vault, layout_cave_pools, marbit_kobold_abyss_entry,
          grunt_pan_entry_spiral, hell_entry, serial_shops, nicolae_shop_trees,
          minmay_misc_feat_rugged, serial_nicolae_subway,
          nicolae_sub_station_stone, nicolae_sub_station_crystal,
          nicolae_sub_station_metal
Depths:4: grunt_zot_entry_gee_three, layout_small_grid, abyss_entry,
          grunt_metal_band, rand_demon_pan_entry_5, serial_bayou_shore_a
Zot:1:    gammafunk_dig_for_victory, layout_twisted_circle, st_stairs_10,
          skrybe_zot_glass_3
Zot:2:    layout_cathedral_of_symmetry, grunt_ministairs_8, st_stairs_3,
          st_single_dragon_hoard_4, lemuel_baited_zot_trap
Zot:3:    layout_cathedral_of_symmetry, zot_minivault_1
Zot:4:    layout_misc_corridors, st_stairs_10, grunt_megastairs_4
Zot:5:    layout_concentric_octagons

Skill      XL: |  1  2  3  4  5  6  7  8  9 10 11 12 13 14 15 16 17 18 19 20 21 22 23 24 25 26 27 |
---------------+----------------------------------------------------------------------------------+-----
Translocations | 2 3 4 5 6 8 9 10 13 15 | 15.0
Conjurations   | 2 3 4 5 6 8 9 10 12 | 12.0
Spellcasting   | 4 5 6 8 9 10 12 13 15 | 15.0
Invocations    | 3 7 10 15 18 | 18.4
Evocations     | 3 7 10 | 10.0
Fighting       | 4 8 10 11 16 | 16.1
Dodging        | 4 7 10 16 | 16.2
Shields        | 3 8 10 14 15 | 15.3
Staves         | 10 12 | 12.0
Ice Magic      | 8 10 12 16 20 24 27 | 27.0
Air Magic      | 9 10 12 15 20 | 20.0
Stealth        | |  1.7
Summonings     | |  1.2

Action                     |  1- 3 |  4- 6 |  7- 9 | 10-12 | 13-15 | 16-18 | 19-21 | 22-24 | 25-27 || total
---------------------------+-------+-------+-------+-------+-------+-------+-------+-------+-------++-------
  Melee: Dagger            |    72 |    46 |     9 |       |       |       |       |       |       ||   127
         Tailslap          |    10 |     7 |    12 |    31 |   196 |   204 |   326 |   236 |    87 ||  1109
         Punch             |     3 |     1 |     2 |     3 |       |       |       |       |       ||     9
         Rapier            |       |       |     2 |       |       |       |       |       |       ||     2
         Trident           |       |       |    81 |   277 |    26 |       |       |       |       ||   384
         Staff             |       |       |       |       |   823 |  1123 |  1315 |   949 |   391 ||  4601
   Cast: Magic Dart        |    95 |    82 |    91 |       |     2 |     1 |       |       |       ||   271
         Iskenderun's Myst |       |       |    41 |   160 |   334 |   131 |   198 |   211 |    34 ||  1109
         Gell's Gravitas   |       |       |       |       |     7 |     4 |     4 |       |       ||    15
         Manifold Assault  |       |       |       |       |    15 |     4 |     3 |     9 |       ||    31
         Freezing Cloud    |       |       |       |       |       |   245 |   207 |   293 |    41 ||   786
         Lesser Beckoning  |       |       |       |       |       |    21 |    14 |    13 |       ||    48
         Dispersal         |       |       |       |       |       |     1 |    13 |     2 |     1 ||    17
         Maxwell's Capacit |       |       |       |       |       |       |    21 |    43 |   100 ||   164
         Polar Vortex      |       |       |       |       |       |       |       |    11 |    72 ||    83
 Invoke: Disaster Area     |       |       |       |       |     2 |       |     1 |       |       ||     3
         Elemental Force   |       |       |       |       |       |       |     1 |       |       ||     1
Ability: Breathe Steam     |       |       |    26 |    48 |    63 |    26 |     7 |     6 |     4 ||   180
  Evoke: Wand              |       |    15 |     1 |    17 |    21 |    10 |    20 |     1 |     2 ||    87
         Piece from Xom's  |       |       |       |       |    14 |       |       |       |       ||    14
         Tin of tremorston |       |       |       |       |       |     4 |     5 |       |       ||     9
         Lightning rod     |       |       |       |       |       |       |     4 |     3 |       ||     7
    Use: Scroll            |     2 |     1 |     9 |    11 |    12 |     7 |     7 |     5 |     6 ||    60
         Potion            |       |       |     2 |     2 |     5 |     1 |       |    10 |     6 ||    26
   Stab: Paralysed         |       |       |       |     7 |     7 |       |     3 |       |       ||    17
         Invisible         |       |       |       |       |    19 |    15 |     2 |     5 |       ||    41
 Armour: Skin              |    28 |    16 |    60 |    85 |   256 |   388 |   280 |   373 |   191 ||  1677
  Dodge: Dodged            |    60 |    57 |    99 |   234 |   578 |   753 |   422 |   447 |   295 ||  2945
         Repelled          |       |       |       |     5 |    15 |    10 |    19 |    37 |    30 ||   116
  Block: Other             |     1 |     4 |    37 |    86 |       |       |       |       |       ||   128
         Buckler           |       |       |       |    52 |   437 |       |       |       |       ||   489
         Kite shield       |       |       |       |       |   442 |  1193 |   797 |  1080 |   545 ||  4057
         Tower shield      |       |       |       |       |       |   292 |   504 |       |       ||   796

Table legend: (Time is in decaauts)
 A = Elapsed time spent in this place.
 B = Non-inter-level travel time spent in this place.
 C = Inter-level travel time spent in this place.
 D = Time resting spent in this place.
 E = Time spent auto-exploring this place.
 F = Levels seen in this place.
 G = Mean time per level.
                   A        B        C        D        E       F      G
               +--------+--------+--------+--------+--------+-----+--------+
         Total |  84630 |  76981 |   7649 |  24496 |  35988 |  59 | 1434.4 |
       Dungeon |  21025 |  17880 |   3145 |   4312 |  10468 |  15 | 1401.7 |
          Lair |   9745 |   8915 |    830 |   3480 |   3918 |   5 | 1949.0 |
        Shoals |   6099 |   5693 |    406 |   2066 |   2565 |   4 | 1524.8 |
   Spider Nest |   8208 |   7932 |    276 |   4005 |   2063 |   4 | 2052.0 |
    Slime Pits |   2570 |   2394 |    176 |    558 |   1283 |   5 |  514.0 |
  Orcish Mines |   3048 |   2690 |    358 |   1430 |    782 |   2 | 1524.0 |
   Elven Halls |   3706 |   3429 |    277 |    402 |   2141 |   3 | 1235.3 |
        Vaults |   9437 |   8471 |    966 |   2297 |   4554 |   5 | 1887.4 |
         Crypt |   4499 |   4311 |    188 |    928 |   2054 |   3 | 1499.7 |
        Depths |   7048 |   6377 |    671 |   1966 |   2668 |   4 | 1762.0 |
           Zot |   7436 |   7083 |    353 |   2165 |   3308 |   5 | 1487.2 |
        Bazaar |    157 |    157 |      0 |    100 |     10 |   1 |  157.0 |
        Bailey |    619 |    619 |      0 |    317 |     31 |   1 |  619.0 |
      Ice Cave |    181 |    181 |      0 |    107 |      0 |   1 |  181.0 |
      Gauntlet |    844 |    844 |      0 |    362 |    140 |   1 |  844.0 |
               +--------+--------+--------+--------+--------+-----+--------+

Top non-repeatable levels by time:
  Lair:5: 2799 daAuts
Spider:1: 2609 daAuts
Spider:4: 2545 daAuts
  Lair:4: 2445 daAuts
Depths:3: 2336 daAuts
Vaults:4: 2297 daAuts
    D:10: 2264 daAuts
Spider:3: 2122 daAuts
   Zot:5: 2083 daAuts
Vaults:2: 2064 daAuts
   Orc:1: 2042 daAuts
Shoals:3: 2005 daAuts
    D:12: 1969 daAuts
  Lair:1: 1921 daAuts
Vaults:3: 1874 daAuts
